 Dungeon Crawl Stone Soup version 0.30-a0-651-g0755cc6dcf (webtiles) character file.

Game seed: 7479971573178184222

36 Decipherer the Trooper (level 3, -1/24 HPs)
             Began as a Gargoyle Berserker on Jan 18, 2023.
             Was a Follower of Trog.
             Slain by a gnoll
             ... wielding a +0 halberd
              (5 damage)
             ... on level 2 of the Dungeon.
             The game lasted 00:00:31 (757 turns).

Decipherer the Trooper (Gargoyle Berserker)          Turns: 757, Time: 00:00:31

Health: -1/24      AC:  5    Str: 22    XL:     3   Next: 37%
Magic:  3/3        EV: 12    Int:  7    God:    Trog [*.....]
Gold:   85         SH:  0    Dex:  9    Spells: 2/2 levels left

rFire   . . .      SeeInvis .    a - +0 spear
rCold   . . .      Faith    .    (no shield)
rNeg    + . .      Spirit   .    b - +0 animal skin
rPois   ∞          Reflect  .    (no helmet)
rElec   +          Harm     .    (no cloak)
rCorr   .          Rampage  .    (no gloves)
Will    .....                    (no boots)
Stlth   +                        (no amulet)
HPRegen 0.24/turn                (no ring)
MPRegen 0.08/turn                (no ring)

@: on berserk cooldown, slowed, very slow
A: sickness immunity, AC +3, negative energy resistance 1, electricity
resistance, torment resistance 1, petrification resistance
a: Renounce Religion, Berserk


You were on level 2 of the Dungeon.
You worshipped Trog.
Trog was aware of your devotion.
You visited 1 branch of the dungeon, and saw 2 of its levels.

You collected 85 gold pieces.

Inventory:

Hand Weapons
 a - a +0 spear (weapon)
Missiles
 d - 5 poisoned darts
Armour
 b - a +0 animal skin (worn)
Scrolls
 c - 2 scrolls of identify {unknown}


   Skills:
 + Level 3.9 Fighting
 + Level 3.3 Polearms
 + Level 2.3 Armour
 + Level 1.7 Dodging
 + Level 0.1 Stealth


You had 2 spell levels left.
You didn't know any spells.
Your spell library contained the following spells:

 Spells                   Type           Power      Damage    Failure   Level
 Ensorcelled Hibernation  Hex/Ice        0%         N/A       56%         2
 Spider Form              Tmut/Pois      0%         N/A       80%         3
 Anguish                  Hex/Necr       0%         N/A       99%         4


Dungeon Overview and Level Annotations

Branches:
Dungeon (2/15)

Altars:


Innate Abilities, Weirdness & Mutations

You are immune to sickness and miasma.
Your stone body is resilient. (AC +3)
You are immune to poison.
You resist negative energy. (rN+)
You are resistant to electric shocks. (rElec)
You are resistant to unholy torment.
You are immune to petrification.


Message History

A gnoll comes into view. It is wielding a +0 halberd.
Found a scroll labelled XAGHUCIGUPS.
The gnoll shouts!
The quokka bites you.
You see here a giant cockroach corpse.
You puncture the quokka!
You kill the quokka!
Trog accepts your kill.
A gnoll comes into view. It is wielding a +0 club.
An adder and 2 endoplasms come into view.
You feel a strong urge to attack something.
You are no longer berserk.
You are exhausted.
You feel yourself slow down.
The adder hisses angrily.
The endoplasm quivers.
The gnoll shouts!
You hear a shout!
An endoplasm comes into view.
A gnoll comes into view. It is wielding a +0 whip.
The gnoll shouts!
A goblin comes into view. It is wielding a +0 club.
The gnoll barely misses you. The gnoll closely misses you.
You hit the gnoll.
The gnoll is lightly wounded.
The gnoll hits you with a +0 halberd! The gnoll barely misses you.
The gnoll attacks as you move away! The gnoll barely misses you.
The adder attacks as you move away! The adder completely misses you.
The gnoll hits you with a +0 halberd. The adder bites you but does no damage.
The adder closely misses you. The gnoll closely misses you.
The endoplasm hits you.
* * * LOW HITPOINT WARNING * * *
The adder bites you but does no damage. The endoplasm freezes you.
You are frozen.
* * * LOW HITPOINT WARNING * * *
The endoplasm barely misses you. The endoplasm barely misses you.
The endoplasm jiggles.
The gnoll hits you from afar with a +0 halberd.
You die...

...#............
.#...............
.................
............$....
..........!.....
..?.....g......
......gg.J.#
#.....g.JJ.#
#..$....S@<#
#.....$..†.#
#..........#
#..........#
#.########## #


You could see 3 gnolls, an adder, 3 endoplasms and a goblin.

Vanquished Creatures
  An adder (D:2)
  A dart slug (D:1)
  4 ball pythons (D:1)
  A bat (D:1)
  An endoplasm (D:2)
  4 giant cockroaches
  3 goblins (D:1)
  4 hobgoblins (D:1)
  A quokka (D:2)
  A rat (D:2)
21 creatures vanquished.

Notes
Turn   | Place    | Note
-------+----------+-------------------------------------------
     0 | D:1      | Decipherer the Gargoyle Berserker began the quest for the
                  | Orb.
     0 | D:1      | Reached XP level 1. HP: 14/14 MP: 1/1
   159 | D:1      | Reached XP level 2. HP: 16/19 MP: 2/2
   486 | D:1      | Found a faded altar of an unknown god.
   486 | D:1      | Noticed a hellwing
   737 | D:2      | Reached XP level 3. HP: 24/24 MP: 3/3
   757 | D:2      | Slain by a gnoll

Illustrated notes

Levels and vault maps discovered:
D:1:      heliophobic_arrival_ceremonial_halls, layout_loops_cross,
          dreamdust_ecumenical_altar_sealed_demon, minmay_crystal_water
D:2:      cheibrodos_fertilizer, layout_rooms

Skill      XL: |  1  2 |
---------------+-------+-----
Polearms       | 3 |  3.3
Fighting       | |  3.9
Armour         | |  2.3
Dodging        | |  1.7
Stealth        | |  0.1

Action                   || total
-------------------------++-------
Melee: Spear             ||    77
Invok: Berserk           ||     1
 Stab: Sleeping          ||     1
Armor: Animal skin       ||    28
Dodge: Dodged            ||    66

Table legend: (Time is in decaauts)
 A = Elapsed time spent in this place.
 B = Non-inter-level travel time spent in this place.
 C = Inter-level travel time spent in this place.
 D = Time resting spent in this place.
 E = Time spent auto-exploring this place.
 F = Levels seen in this place.
 G = Mean time per level.
                   A        B        C        D        E       F      G
               +--------+--------+--------+--------+--------+-----+--------+
         Total |    751 |    716 |     35 |      0 |    586 |   2 |  375.5 |
       Dungeon |    751 |    716 |     35 |      0 |    586 |   2 |  375.5 |
               +--------+--------+--------+--------+--------+-----+--------+

Top non-repeatable levels by time:
     D:1: 725 daAuts
     D:2: 26 daAuts
